 Dungeon Crawl Stone Soup version 0.22-a0-455-ga0624bf62c (webtiles) character file.

240 M4edhros the Insei (level 5, -2/41 HPs)
             Began as a Mummy Monk on June 5, 2018.
             Slain by Duvessa
             ... wielding a +1 short sword of freezing
              (6 damage)
             ... on level 4 of the Dungeon.
             The game lasted 00:06:35 (4976 turns).

M4edhros the Insei (Mummy Monk)                     Turns: 4976, Time: 00:06:35

Health: -2/41      AC:  0    Str: 14    XL:     5   Next: 80%
Magic:  5/5        EV: 13    Int:  9    God:
Gold:   82         SH:  0    Dex: 16    Spells: 4/4 levels left

rFire    . . .     SeeInvis .     - Unarmed
rCold    . . .     Gourm    .   (no shield)
rNeg     + + +     Faith    .   (no armour)
rPois    ∞         Spirit   .   (no helmet)
rElec    .         Reflect  .   (no cloak)
rCorr    .         Harm     .   (no gloves)
MR       .....                  (no boots)
Stlth    ++........             (no amulet)
HPRegen  0.13/turn              f - ring of fire
MPRegen  0.09/turn              (no ring)

@: no status effects
A: no food or potions, fire vulnerability, cold resistance 1, negative energy
resistance 3, torment resistance, unbreathing
a: no special abilities


You were on level 4 of the Dungeon.
You were not hungry.

You visited 1 branch of the dungeon, and saw 4 of its levels.

You collected 82 gold pieces.

Inventory:

Jewellery
 f - a ring of fire (left hand)
Scrolls
 b - 3 scrolls of remove curse
 c - 7 scrolls of identify
Comestibles
 h - a ration


   Skills:
 - Level 3.0 Fighting
 - Level 2.4 Dodging
 - Level 1.5 Stealth
 + Level 5.5 Unarmed Combat


You had 4 spell levels left.
You didn't know any spells.
Your spell library was empty.

Dungeon Overview and Level Annotations

Branches:
Dungeon (4/15)
 Temple: D:4-7

Altars:
Cheibriados
Dithmenos

Shops:
D:4 !

Annotations:
D:3 Kriby's ghost, amateur MfSk
D:4 Duvessa


Innate Abilities, Weirdness & Mutations

You do not eat or drink.
Your flesh is vulnerable to fire.
You are immune to poison.
Your flesh is cold resistant. (rC+)
You are immune to negative energy. (rN+++)
You are immune to unholy pain and torment.
You can survive without breathing.


Message History

Dowan is heavily wounded.
Dowan points at you and mumbles some strange words.
The puff of frost hits you!
You punch Dowan!
Dowan is almost dead.
Dowan hits you with an enchanted dagger.
You hit Dowan.
Dowan is almost dead.
Dowan gestures at you while chanting. You resist with some effort.
You hit Dowan.
You kill Dowan!
Duvessa screams in rage.
Duvessa goes berserk!
Duvessa rages.
You hit Duvessa but do no damage.
Duvessa hits you with a short sword of freezing!
* * * LOW HITPOINT WARNING * * *
Duvessa freezes you.
You die...

### ...... #.#
.......
#@##........
#e##........
#.#.........
#)#.........
#.#.........
#).........(
###..........#
##..........
#..........#


You could see Duvessa (berserk).

Vanquished Creatures
  Dowan (D:4)
  A crimson imp (D:2)
  An orc wizard (D:3)
  3 gnolls
  4 adders
  An ooze (D:1)
  3 worms
  2 dart slugs
  A leopard gecko (D:2)
  3 orcs (D:3)
  A ball python (D:3)
  2 goblins (D:2)
  6 hobgoblins
  10 kobolds
  2 quokkas
  7 bats
  3 frilled lizards
  5 rats
56 creatures vanquished.

Notes
Turn   | Place    | Note
-------+----------+-------------------------------------------
     0 | D:1      | M4edhros the Mummy Monk began the quest for the Orb.
     0 | D:1      | Reached XP level 1. HP: 18/18 MP: 1/1
   330 | D:1      | Reached XP level 2. HP: 20/24 MP: 2/2
   333 | D:1      | Reached skill level 3 in Unarmed Combat
  1561 | D:2      | Reached XP level 3. HP: 24/29 MP: 3/3
  2247 | D:1      | Reached skill level 4 in Unarmed Combat
  2259 | D:2      | Reached XP level 4. HP: 13/35 MP: 4/4
  3170 | D:3      | Noticed Kriby's ghost (amateur MfSk)
  3640 | D:3      | Found a snail-covered altar of Cheibriados.
  4487 | D:2      | Reached XP level 5. HP: 31/41 MP: 5/5
  4599 | D:3      | Reached skill level 5 in Unarmed Combat
  4890 | D:4      | Noticed Duvessa
  4891 | D:4      | Noticed Dowan
  4907 | D:4      | Found Fumav's Distillery.
  4912 | D:4      | Found a shadowy altar of Dithmenos.
  4913 | D:4      | Noticed an ogre
  4973 | D:4      | Killed Dowan
  4976 | D:4      | Slain by Duvessa

Vault maps used:
D:1:      sevenhm_arrival_forest_fort_small_6
D:3:      kennysheep_slug_shrine, minmay_misc_feat_more_columns
D:4:      serial_shops, nicolae_shop_crystal, serial_bayou_lagoon_a,
          nicolae_dithmenos_through_a_glass_darkly, uniq_crazy_yiuf_cottage,
          uniq_pikel, uniq_duvessa

Skill      XL: |  1  2  3  4  5 |
---------------+----------------+-----
Unarmed Combat | 3 4 5 |  5.5
Fighting       | |  3.0
Dodging        | |  2.4
Stealth        | |  1.5

Action                   |  1- 3 |  4- 6 || total
-------------------------+-------+-------++-------
Melee: Unarmed           |   111 |   132 ||   243
       Punch             |     3 |     5 ||     8
  Use: Scroll            |     1 |     6 ||     7
 Stab: Sleeping          |     9 |       ||     9
Dodge: Dodged            |    73 |   115 ||   188

Table legend:
 A = Spawn XP
 B = Non-spawn XP
 C = Spawn XP percentage of total XP
 D = Spawn monster count
 E = Non-spawn monster count
 F = Spawn count percentage of total count
 G = Total turns spent on level
                    A         B        C        D         E        F      G
               +---------+---------+-------+---------+---------+-------+---------
         Total |       0 |     344 |   0.0 |       0 |      56 |   0.0 |  4976
               +---------+---------+-------+---------+---------+-------+---------
           D:1 |       0 |      42 |   0.0 |       0 |      16 |   0.0 |  1601
           D:2 |       0 |     115 |   0.0 |       0 |      19 |   0.0 |  1828
           D:3 |       0 |     120 |   0.0 |       0 |      20 |   0.0 |  1450
           D:4 |       0 |      67 |   0.0 |       0 |       1 |   0.0 |    97
               +---------+---------+-------+---------+---------+-------+---------
